 Dungeon Crawl Stone Soup version 0.28-a0-706-gf6f64a616a (webtiles) character file.

Game seed: 16441302670103182446

2116 lawman0 the Basher (level 9, -2/69 HPs)
             Began as a Palentonga Warper on Oct 24, 2021.
             Was an Initiate of Kikubaaqudgha.
             Slain by Prince Ribbit (15 damage)
             ... on level 6 of the Dungeon.
             The game lasted 00:09:10 (9246 turns).

lawman0 the Basher (Palentonga Warper)              Turns: 9246, Time: 00:09:11

Health: -2/69      AC: 15    Str: 14    XL:     9   Next: 8%
Magic:  10/10      EV: 14    Int: 17    God:    Kikubaaqudgha [......]
Gold:   245        SH:  0    Dex: 10    Spells: 2/12 levels left

rFire   . . .      SeeInvis +   a - +0 morningstar
rCold   . . .      Faith    .   (no shield)
rNeg    . . .      Spirit   .   g - +2 leather armour {rPois}
rPois   +          Reflect  .   f - +0 helmet
rElec   .          Harm     .   (no cloak)
rCorr   .          Rampage  .   (no gloves)
Will    .....                   (no barding)
Stlth   +.........              (no amulet)
HPRegen 0.21/turn               r - +4 ring of evasion
MPRegen 0.12/turn               (no ring)

@: curled up
A: large, rugged brown scales 3, see invisible, deformed body, roll 1, armoured
tail, reflexive curl, low mp 1
a: Rolling Charge, Renounce Religion


You were on level 6 of the Dungeon.
You worshipped Kikubaaqudgha.
Kikubaaqudgha was noncommittal.
You visited 2 branches of the dungeon, and saw 8 of its levels.

You collected 245 gold pieces.

Inventory:

Hand Weapons
 a - a +0 morningstar (weapon)
 h - a +1 vampiric whip
Missiles
 d - 5 boomerangs of dispersal
 j - 26 poisoned darts (quivered)
 l - a throwing net
Armour
 f - a +0 helmet (worn)
 g - a +2 leather armour of poison resistance (worn)
Jewellery
 r - a +4 ring of evasion (left hand)
Wands
 m - a wand of iceblast (2)
Scrolls
 c - a scroll of blinking
 e - 2 scrolls of teleportation
 i - a scroll of fog
 p - 2 scrolls of enchant armour
 t - 3 scrolls of amnesia {unknown}
 u - a scroll of identify
Potions
 b - a potion of berserk rage {unknown}
 k - 2 potions of might
 n - 2 potions of degeneration {unknown}
 o - a potion of resistance {unknown}
 q - a potion of curing
 s - a potion of ambrosia {unknown}


   Skills:
 + Level 4.0 Fighting
 * Level 8.4 Maces & Flails
 + Level 1.1 Throwing
 + Level 3.2 Armour
 + Level 3.3 Dodging
 + Level 0.7 Stealth
 + Level 2.0 Spellcasting
 * Level 5.4 Translocations
 * Level 1.2 Air Magic
 * Level 1.3 Poison Magic


You had 2 spell levels left.
You knew the following spells:

 Your Spells              Type           Power      Damage    Failure   Level
a - Blink                 Tloc           40%        N/A       3%          2
b - Teleport Other        Tloc           20%        N/A       8%          3
c - Lesser Beckoning      Tloc           20%        N/A       8%          3
d - Poisonous Vapours     Pois/Air       12%        N/A       22%         2

Your spell library contained the following spells:

 Spells                   Type           Power      Damage    Failure   Level
 Sting                    Tmut/Pois      12%        1d3       19%         1
 Static Discharge         Conj/Air       3%         N/A       28%         2
 Gell's Gravitas          Tloc           10%        N/A       8%          3
 Manifold Assault         Tloc           20%        N/A       56%         5
 Olgreb's Toxic Radiance  Pois           6%         N/A       80%         4
 Lightning Bolt           Conj/Air       1%         1d12      99%         5
 Maxwell's Capacitive Co  Air            3%         ∞         100%        8


Dungeon Overview and Level Annotations

Branches:
Dungeon (7/15)             Temple (1/1) D:6

Altars:
Ashenzari
Cheibriados
Dithmenos
Elyvilon
Fedhas
Gozag
Hepliaklqana
Kikubaaqudgha
Makhleb
Nemelex Xobeh
Okawaru
Qazlal
Ru
Sif Muna
Trog
Uskayaw
Vehumet
Wu Jian
Xom
Yredelemnul
Zin
The Shining One

Shops:
D:3 :

Annotations:
D:6 1 runed translucent door, Crazy Yiuf, Prince Ribbit
D:7 Harold


Innate Abilities, Weirdness & Mutations

You are completely covered in rugged brown scales. (AC +3, +7% HP)
You have supernaturally acute eyesight. (SInv)
Armour fits poorly on your strangely shaped body.
You can roll at nearby foes to attack.
You have a long armoured tail.
You curl defensively after being hit.
Your magical capacity is low. (-10% MP)


Message History

You climb upwards.
Level annotation: 1 runed translucent door, Crazy Yiuf
There is a stone staircase leading down here.
You hit Prince Ribbit.
Your tail-slap misses Prince Ribbit.
Prince Ribbit is lightly wounded.
Prince Ribbit hits you.
You hit Prince Ribbit.
Prince Ribbit is moderately wounded.
Prince Ribbit hits you. Prince Ribbit hits you!
You sock Prince Ribbit!
Prince Ribbit is severely wounded.
Prince Ribbit misses you.
You miss Prince Ribbit.
Prince Ribbit is severely wounded.
Prince Ribbit hits you! Prince Ribbit completely misses you.
You barely miss Prince Ribbit.
Prince Ribbit is severely wounded.
Prince Ribbit hits you!
You are too injured to fight recklessly!
You are too injured to fight recklessly!
You are too injured to fight recklessly!
You hit Prince Ribbit.
Prince Ribbit is severely wounded.
Prince Ribbit blinks!
Prince Ribbit hits you!
* * * LOW HITPOINT WARNING * * *
You feel better. Prince Ribbit closely misses you.
You hit Prince Ribbit.
Prince Ribbit is almost dead.
Prince Ribbit hits you but does no damage.
Prince Ribbit hits you!
* * * LOW HITPOINT WARNING * * *
You miss Prince Ribbit.
Your tail-slap misses Prince Ribbit.
Prince Ribbit is almost dead.
Prince Ribbit barely misses you.
Your leather armour prevents you from hitting Prince Ribbit.
Your tail-slap misses Prince Ribbit.
Prince Ribbit is almost dead.
Prince Ribbit barely misses you. Prince Ribbit hits you!
You die...
Kikubaaqudgha rasps: "You have failed me!
Welcome... death!"

#.# ######..# #####.#
#........ #...†.# #.####..#
##########.########.# #..#
#..........##.......####...
#.########.##..........#.##
#.# #.##..###...#.#.# #)#
#.........#.#.#.# ##.##
#@##..###...#.#.# #.#.#
#F##..####.##.#.## #..##
#.##.....#.##.#... #.##
#.###.##.#.##.#### #.# #.#
#.....[[..# #.#########.#
####.#.#### #...........#
#.#.# #.########### #.#.##
#.# ########.#..#


You could see Prince Ribbit.

Vanquished Creatures
  2 water moccasins (D:6)
  2 sky beasts (D:7)
  2 necrophages
  An ogre (D:5)
  A black bear (D:5)
  A phantom (D:7)
  A kobold brigand (D:6)
  Blork the orc (D:6)
  3 scorpions
  3 bullfrogs
  A water moccasin zombie (D:5)
  5 killer bees (D:6)
  3 hounds
  2 centaur skeletons (D:6)
  3 iguanas
  An orc wizard (D:6)
  A hound zombie (D:5)
  A hound skeleton (D:4)
  A howler monkey zombie (D:5)
  3 gnolls (D:7)
  4 adders
  2 white imps
  An adder skeleton (D:4)
  A worm (D:2)
  4 dart slugs
  12 orcs
  5 endoplasms
  3 giant cockroaches
  7 goblins
  4 hobgoblins (D:1)
  7 jackals (D:1)
  9 ball pythons
  4 bats
  3 frilled lizards
  12 kobolds
  9 rats
125 creatures vanquished.

Vanquished Creatures (collateral kills)
  2 orc priests (D:5)
  2 orcs (D:5)
4 creatures vanquished.

Vanquished Creatures (others)
  A plant (D:1)
1 creature vanquished.

Grand Total: 130 creatures vanquished

Notes
Turn   | Place    | Note
-------+----------+-------------------------------------------
     0 | D:1      | lawman0 the Palentonga Warper began the quest for the Orb.
     0 | D:1      | Reached XP level 1. HP: 17/17 MP: 3/3
    89 | D:1      | Reached skill level 1 in Armour
   253 | D:1      | Reached XP level 2. HP: 8/23 MP: 5/5
   815 | D:1      | Found a faded altar of an unknown god.
   932 | D:1      | Reached XP level 3. HP: 17/28 MP: 6/6
  2165 | D:2      | Reached XP level 4. HP: 26/35 MP: 7/7
  2815 | D:3      | Learned a level 2 spell: Blink
  2819 | D:3      | Learned a level 3 spell: Teleport Other
  2839 | D:3      | Gained mutation: Your magical capacity is low. (-10% MP)
                  | [potion of mutation]
  2849 | D:3      | Noticed a bullfrog
  3001 | D:3      | Killed a bullfrog
  3002 | D:3      | Reached skill level 3 in Maces & Flails
  3002 | D:3      | Reached XP level 5. HP: 16/41 MP: 7/7
  3417 | D:3      | Found Azity's Book Boutique.
  4228 | D:4      | Reached skill level 4 in Maces & Flails
  4492 | D:4      | Learned a level 3 spell: Lesser Beckoning
  4496 | D:4      | Found a hide-covered altar of Uskayaw.
  4536 | D:4      | Reached XP level 6. HP: 48/49 MP: 8/8
  5125 | D:5      | Entered Level 5 of the Dungeon
  5173 | D:5      | Reached skill level 5 in Maces & Flails
  5343 | D:5      | Gained mutation: You curl defensively after being hit.
                  | [Palentonga growth]
  5343 | D:5      | Reached XP level 7. HP: 39/54 MP: 9/9
  5734 | D:5      | Reached skill level 6 in Maces & Flails
  6394 | D:5      | Reached XP level 8. HP: 21/62 MP: 9/9
  6613 | D:6      | Learned a level 2 spell: Poisonous Vapours
  6644 | D:6      | Noticed Blork the orc
  6651 | D:6      | Killed Blork the orc
  6652 | D:6      | Reached skill level 7 in Maces & Flails
  6855 | D:6      | nopw
  7012 | D:6      | Reached skill level 5 in Translocations
  7251 | D:6      | Found a runed translucent door.
  7252 | D:6      | Noticed Crazy Yiuf
  7482 | D:6      | Found a staircase to the Ecumenical Temple.
  7491 | Temple   | Entered the Ecumenical Temple
  7823 | Temple   | Became a worshipper of Kikubaaqudgha
  7887 | D:6      | Reached skill level 8 in Maces & Flails
  7887 | D:6      | Reached skill level 1 in Poison Magic
  8014 | D:6      | Reached skill level 1 in Air Magic
  8782 | D:7      | Noticed Harold
  8783 | D:7      | Noticed Prince Ribbit
  8943 | D:7      | Reached skill level 1 in Throwing
  8966 | D:7      | Reached XP level 9. HP: 43/69 MP: 10/10
  9246 | D:6      | Slain by Prince Ribbit

Illustrated notes

### y.. .y# y.#
..# .y#
######y.###..
#....@......#
#.####..#####
#######.# ..#
#.......####....
#
#..........#.####
.##..###...#.#o#
.........#.#.#.#
>##..###...#.#.#
#..####.##.#


Turn 6855 on D:6: nopw

Levels and vault maps discovered:
D:1:      psy_arrival_conway, layout_rooms,
          shapermc_ecumenical_altar_mp_ritualfount
D:2:      layout_basic, serial_curves, eino_curves_03, eino_curves_03
D:3:      minmay_wonky_spiral, layout_loops_ring, serial_shops, shop
D:4:      layout_basic, nicolae_uskayaw_murder_on_the_dancefloor,
          minmay_liquid_box, minmay_tree_intersection
D:5:      layout_gridville
D:6:      layout_loops_ring, temple_doors_e, uniq_crazy_yiuf_cottage,
          uniq_blork_the_orc
D:7:      layout_rooms, uniq_harold, uniq_prince_ribbit1
Temple:   nicolae_temple_the_god_donut

Skill      XL: |  1  2  3  4  5  6  7  8 |
---------------+-------------------------+-----
Armour         | 1 2 3 |  3.2
Dodging        | 2 3 |  3.3
Maces & Flails | 3 4 5 6 8 |  8.4
Translocations | 4 5 |  5.4
Fighting       | 3 4 |  4.0
Poison Magic   | 1 |  1.3
Air Magic      | 1 |  1.2
Throwing       | 1 |  1.1
Stealth        | |  0.7
Spellcasting   | |  2.0

Action                   |  1- 3 |  4- 6 |  7- 9 || total
-------------------------+-------+-------+-------++-------
Melee: Mace              |   143 |    60 |       ||   203
       Tailslap          |    14 |    16 |    25 ||    55
       Morningstar       |       |   102 |   240 ||   342
Throw: Dart              |       |     5 |    13 ||    18
 Abil: Rolling Charge    |     5 |     6 |    19 ||    30
Evoke: Wand              |       |       |     3 ||     3
  Use: Potion            |     1 |     4 |     3 ||     8
       Scroll            |       |     4 |     3 ||     7
Armor: Leather armour    |    81 |    83 |   108 ||   272
Dodge: Dodged            |    90 |    73 |   186 ||   349

Table legend: (Time is in decaauts)
 A = Elapsed time spent in this place.
 B = Non-inter-level travel time spent in this place.
 C = Inter-level travel time spent in this place.
 D = Time resting spent in this place.
 E = Time spent auto-exploring this place.
 F = Levels seen in this place.
 G = Mean time per level.
                   A        B        C        D        E       F      G
               +--------+--------+--------+--------+--------+-----+--------+
         Total |   9369 |   9023 |    346 |   2445 |   5202 |   8 | 1171.1 |
       Dungeon |   9025 |   8689 |    336 |   2445 |   4895 |   7 | 1289.3 |
        Temple |    343 |    333 |     10 |      0 |    307 |   1 |  343.0 |
               +--------+--------+--------+--------+--------+-----+--------+

Top non-repeatable levels by time:
     D:6: 2075 daAuts
     D:5: 1451 daAuts
     D:3: 1353 daAuts
     D:1: 1350 daAuts
     D:2: 1300 daAuts
     D:4: 1208 daAuts
  Temple: 343 daAuts
     D:7: 287 daAuts
